 Dungeon Crawl Stone Soup version 0.26-a0-651-gb41185065b (webtiles) character file.

Game seed: 17465755022722243545

333 kae the Ruffian (level 6, 0/47 HPs)
             Began as a Draconian Transmuter on Oct 7, 2020.
             Slain by an adder skeleton (3 damage)
             ... on level 5 of the Dungeon.
             The game lasted 00:03:42 (4656 turns).

kae the Ruffian (Draconian Transmuter)              Turns: 4656, Time: 00:03:43

Health: 0/47       AC:  6    Str: 14    XL:     6   Next: 27%
Magic:  9/9        EV: 12    Int: 14    God:
Gold:   155        SH:  0    Dex: 11    Spells: 6/9 levels left

rFire    . . .     SeeInvis .   h - +2 hand axe
rCold    . . .     Faith    .   (no shield)
rNeg     . . .     Spirit   .   (armour unavailable)
rPois    .         Reflect  .   (helmet restricted)
rElec    .         Harm     .   (no cloak)
rCorr    .         Rampage  .   (no gloves)
MR       .....                  (no boots)
Stlth    +.........             (no amulet)
HPRegen  0.15/turn              (no ring)
MPRegen  0.11/turn              (no ring)

@: no status effects
A: unfitting armour, cold-blooded, AC +6
a: no special abilities


You were on level 5 of the Dungeon.
You visited 1 branch of the dungeon, and saw 5 of its levels.

You collected 155 gold pieces.

Inventory:

Hand Weapons
 h - a +2 hand axe (weapon)
Scrolls
 b - a scroll of immolation {unknown}
 d - 2 scrolls of remove curse
 e - 11 scrolls of identify
 f - a scroll of magic mapping {unknown}
 g - a scroll of fear
 i - a scroll of amnesia {unknown}
Potions
 a - a potion of brilliance
 c - 2 potions of flight
 j - a potion of magic


   Skills:
 - Level 1.1 Fighting
 - Level 1.7 Dodging
 * Level 6.1 Unarmed Combat
 - Level 2.0 Spellcasting
 + Level 4.1 Transmutations


You had 6 spell levels left.
You knew the following spells:

 Your Spells              Type           Power        Failure   Level
a - Beastly Appendage     Tmut           ##....       4%          1
b - Wereblood             Tmut           ##......     7%          2

Your spell library contained the following spells:

 Spells                   Type           Power        Failure   Level
 Spider Form              Tmut/Pois      #.........   30%         3
 Confusing Touch          Hex            #.......     56%         3
 Gell's Gravitas          Tloc           #.........   56%         3
 Ice Form                 Ice/Tmut       #.......     71%         4
 Petrify                  Tmut/Erth      #.......     71%         4
 Blade Hands              Tmut           ##........   77%         5
 Yara's Violent Unravell  Hex/Tmut       #.........   96%         5
 Metabolic Englaciation   Hex/Ice        #.........   100%        5


Dungeon Overview and Level Annotations

Branches:
Dungeon (5/15)
 Temple: D:4-7

Altars:
Fedhas
Okawaru

Annotations:
D:4 exclusions: ogre and 1 more exclusion


Innate Abilities, Weirdness & Mutations

Your plain brown scales are hard. (AC +6)
You cannot fit into any form of body armour.
You are cold-blooded and may be slowed by cold attacks.


Message History

The quokka twitches its whiskers.
Found a scroll of identify.
An orc comes into view.
The orc shouts!
You hear a shout!
An orc wizard comes into view. It is wielding a +0 dagger.
Found 18 stones.
You see here a scroll labeled SEOKUNAFEO.
i - a scroll labeled SEOKUNAFEO An orc wizard comes into view.
It is wielding a +0 dagger.
The orc wizard shouts!
An orc comes into view. It is wielding a +0 trident.
The orc wizard begins to cast a cantrip, but forgets the words!
The quokka bites you.
* * * LOW HITPOINT WARNING * * *
The ice beast hits you.
* * * LOW HITPOINT WARNING * * *
The ice beast freezes you!
* * * LOW HITPOINT WARNING * * *
The adder skeleton bites you.
You die...

.(.......# ..?.o.....
.........##
......o...##
...........#
........o...#
............#.###
............#...#.
.........r@.......
...PP.P..YZ.......
...≈.≈≈P...........
..P.≈PPP...........
..PP≈P.P...........#
..P≈♣PP#.....#$....#
...≈≈≈≈#.###.....$##
#P≈≈P..#.###.......##
P≈♣P................


You could see an ice beast, 2 orc wizards, an orc, a quokka and an adder
skeleton.

Vanquished Creatures
  A bullfrog (D:4)
  A hound (D:4)
  An orc priest (D:3)
  An orc wizard (D:3)
  A worker ant (D:4)
  5 adders
  A gnoll (D:4)
  A white imp (D:4)
  4 worms
  2 dart slugs (D:2)
  7 leopard geckos
  3 orcs
  2 ball pythons
  7 bats
  5 giant cockroaches
  7 goblins
  11 hobgoblins
  4 jackals (D:3)
  6 frilled lizards
  3 kobolds
  8 rats
81 creatures vanquished.

Notes
Turn   | Place    | Note
-------+----------+-------------------------------------------
     0 | D:1      | kae the Draconian Transmuter began the quest for the Orb.
     0 | D:1      | Reached XP level 1. HP: 16/16 MP: 3/3
   208 | D:1      | Reached XP level 2. HP: 23/23 MP: 3/5
  1076 | D:2      | Reached skill level 4 in Unarmed Combat
  1076 | D:2      | Reached XP level 3. HP: 16/28 MP: 6/6
  1591 | D:2      | Reached XP level 4. HP: 27/35 MP: 7/7
  1764 | D:2      | Found a blossoming altar of Fedhas.
  2469 | D:3      | Learned a level 2 spell: Wereblood
  2482 | D:3      | Reached skill level 5 in Unarmed Combat
  2482 | D:3      | Reached XP level 5. HP: 26/40 MP: 6/8
  2494 | D:3      | HP: 2/40 [orc/boomerang (1)]
  3926 | D:4      | Reached XP level 6. HP: 33/47 MP: 6/9
  3934 | D:4      | Found an iron altar of Okawaru.
  4199 | D:4      | Reached skill level 6 in Unarmed Combat
  4637 | D:5      | Entered Level 5 of the Dungeon
  4637 | D:5      | Noticed an ice beast
  4656 | D:5      | Slain by an adder skeleton

Illustrated notes

Levels and vault maps discovered:
D:1:      heliophobic_arrival_henge, layout_basic
D:2:      layout_basic, corexii_hall_statues_t, lemuel_altar_in_water
D:3:      layout_loops_corners, minmay_misc_feat_square
D:4:      layout_basic, okawaru_altar_gauntlet_db, cheibrodos_sewer_entry_drain,
          minmay_misc_feat_enclosed, kennysheep_path_1, nicolae_elemental_shop
D:5:      layout_rooms, hellmonk_ghost_happy_afterlife, basic_altar,
          serial_bayou_lagoon_a, uniq_sigmund, uniq_ijyb, uniq_pikel

Skill      XL: |  1  2  3  4  5  6 |
---------------+-------------------+-----
Unarmed Combat | 4 5 6 |  6.1
Transmutations | 3 4 |  4.1
Fighting       | |  1.1
Dodging        | |  1.7
Spellcasting   | |  2.0

Action                   |  1- 3 |  4- 6 || total
-------------------------+-------+-------++-------
Melee: Unarmed           |    37 |       ||    37
       Kick              |     7 |    24 ||    31
       Tailslap          |    10 |    17 ||    27
       Headbutt          |     5 |    12 ||    17
       Punch             |     2 |     2 ||     4
       Hand axe          |    74 |   155 ||   229
 Cast: Beastly Appendage |    16 |    21 ||    37
       Wereblood         |       |     2 ||     2
  Use: Scroll            |       |    14 ||    14
       Potion            |       |     1 ||     1
 Stab: Sleeping          |     2 |       ||     2
Armor: Skin              |    51 |    64 ||   115
Dodge: Dodged            |    86 |   132 ||   218

Table legend: (Time is in decaauts)
 A = Elapsed time spent in this place.
 B = Non-inter-level travel time spent in this place.
 C = Inter-level travel time spent in this place.
 D = Time resting spent in this place.
 E = Time spent auto-exploring this place.
 F = Levels seen in this place.
 G = Mean time per level.
                   A        B        C        D        E       F      G
               +--------+--------+--------+--------+--------+-----+--------+
         Total |   4719 |   4612 |    107 |    696 |   3184 |   5 |  943.8 |
       Dungeon |   4719 |   4612 |    107 |    696 |   3184 |   5 |  943.8 |
               +--------+--------+--------+--------+--------+-----+--------+

Top non-repeatable levels by time:
     D:3: 1500 daAuts
     D:2: 1217 daAuts
     D:4: 1046 daAuts
     D:1: 937 daAuts
     D:5: 18 daAuts
